Map: Abyssal Reef LE

Players

Jellyfish

  • Race: Terran Terran
  • League: Diamond
  • Spawn Location: 5:00

Musumeci - Winner!

  • Race: Zerg Zerg
  • League: Diamond
  • Spawn Location: 11:00

VOD

Have the link to the VOD?

Description

Time

  • Played on: March 25, 2017, 9:38 a.m.
  • Length: 12:28
Show
View Real Time Build Order
Export as new Build Order

Jellyfish Terran 

Build Orders: Reaper Expand, MMM Bio 

Get SALT Encoding   

  12  0:00  SCV  
  13  0:12  SCV  
  14  0:17  Supply Depot  
  14  0:25  SCV  
  15  0:39  SCV  
  15  0:40  Barracks  
  16  0:44  Refinery  
  16  0:51  SCV  
  17  1:03  SCV  
  18  1:15  SCV  
  19  1:27  Orbital Command, Reaper  
  20  1:44  Command Center  
  20  1:52  SCV  
  21  1:58  Barracks  
  21  2:05  Barracks Reactor  
  21  2:08  SCV  
  22  2:11  Supply Depot  
  22  2:16  Refinery  
  21  2:26  SCV  
  22  2:32  Factory  
  22  2:38  SCV  
  22  2:42  Marine x2  
  25  2:59  Orbital Command  
  25  3:02  Marine x2  
  27  3:07  Barracks Tech Lab  
  26  3:15  SCV  
  26  3:18  Starport  
  26  3:19  Factory Reactor  
  27  3:20  Marine x2  
  30  3:27  SCV x2, Refinery  
  30  3:30  Marine  
  32  3:35  Stimpack  
  32  3:39  Marine  
  32  3:40  Marine  
  34  3:44  SCV  
  34  3:47  Marine  
  36  3:51  SCV  
  37  3:56  SCV  
  37  3:57  Marine x2, Supply Depot  
  40  4:05  Supply Depot  
  40  4:09  SCV  
  42  4:11  SCV  
  42  4:15  Medivac x2  
  46  4:18  Marine  
  46  4:20  Marine  
  48  4:25  SCV x2  
  51  4:37  SCV  
  52  4:39  Marine  
  52  4:44  Command Center  
  52  4:52  SCV x2  
  54  4:55  Marine  
  54  4:56  Supply Depot  
  54  4:59  Marine x2  
  57  5:04  SCV  
  58  5:12  Refinery, Engineering Bay  
  58  5:13  SCV, Engineering Bay  
  59  5:22  SCV  
  59  5:24  Marine x2  
  59  5:25  SCV  
  63  5:34  SCV  
  64  5:35  Combat Shields  
  64  5:39  SCV  
  65  5:45  Supply Depot  
  65  5:46  SCV, Terran Infantry Armor Level 1, Terran Infantry Weapons Level 1  
  66  5:51  SCV  
  67  5:58  SCV  
  68  6:05  Medivac  
  68  6:06  Medivac  
  68  6:07  Barracks  
  68  6:08  Factory Reactor  
  68  6:09  Barracks  
  72  6:22  SCV x2  
  72  6:24  Planetary Fortress  
  74  6:26  Marine x3  
  74  6:31  Armory  
  77  6:34  SCV  
  77  6:36  SCV  
  79  6:42  Medivac x2  
  79  6:43  Marine  
  79  6:44  Marine  
  79  6:46  SCV  
  86  6:48  SCV  
  86  6:50  Sensor Tower  
  86  6:52  Supply Depot  
  87  6:54  Supply Depot  
  87  6:58  SCV  
  84  7:01  Barracks  
  83  7:28  Viking  
  83  7:29  Viking  
  78  7:30  Terran Ship Weapons Level 1  
  78  7:35  Barracks  
  77  7:40  Barracks, Marine x3  
  77  7:41  Barracks Reactor, Concussive Shells, Barracks  
  77  7:42  Barracks Reactor  
  80  7:46  SCV x3  
  80  7:49  Barracks  
  80  7:50  Supply Depot  
  83  7:57  Terran Infantry Weapons Level 2  
  83  7:58  Terran Infantry Armor Level 2, Marine x3, SCV  
  87  8:08  Barracks Reactor  
  87  8:09  Barracks  
  87  8:13  Supply Depot  
  87  8:21  Marine x4  
  87  8:22  Marauder, Marine x3  
  87  8:24  Factory Tech Lab  
  87  8:26  SCV x3, Supply Depot  
  99  8:31  Refinery  
  99  8:32  Refinery  
  99  8:40  Barracks  
  99  8:41  Marine x3  
  101  8:43  Marauder  
  104  8:55  Command Center  
  104  8:57  Supply Depot  
  104  9:03  SCV x3  
  104  9:04  Marauder  
  104  9:06  Liberator, Supply Depot  
  99  9:14  Marine x3  
  99  9:15  SCV x2, Marine x4  
  108  9:21  Marine x4  
  108  9:22  Marine x3  
  117  9:26  Marauder  
  119  9:32  Marine x2  
  119  9:35  Fusion Core  
  121  9:39  Siege Tank  
  121  9:40  Marine x2  
  121  9:41  Marine x3  
  121  9:43  Barracks Tech Lab  
  129  9:45  Medivac  
  129  9:47  Marauder  
  131  10:02  Liberator, Marine  
  131  10:03  Marauder, Marine x5  
  131  10:07  Medivac  
  141  10:09  Marauder  
  141  10:10  SCV x3  
  146  10:19  Liberator  
  149  10:22  Siege Tank  
  149  10:24  Marauder  
  153  10:30  Marauder  
  149  11:21  Orbital Command  
  149  11:30  Starport  
Show
View Real Time Build Order
Export as new Build Order

Musumeci Zerg - Winner!

Build Orders: Hatch First 

Get SALT Encoding   

  12  0:01  Drone  
  13  0:08  Drone  
  13  0:11  Extractor  
  13  0:16  Drone  
  15  0:41  Hatchery  
  14  0:51  Drone, Extractor  
  15  1:02  Spawning Pool  
  14  1:06  Extractor  
  14  1:08  Drone  
  14  1:14  Extractor  
  14  1:15  Drone  
  16  1:21  Overlord  
  16  1:39  Drone x2  
  18  1:42  Drone  
  19  1:48  Queen  
  19  1:53  Queen  
  23  1:58  Drone  
  24  2:02  Extractor  
  24  2:03  Drone  
  24  2:05  Drone  
  25  2:11  Overlord  
  25  2:21  Extractor  
  25  2:24  Queen  
  27  2:32  Queen  
  30  2:40  Drone  
  30  2:41  Drone x2  
  30  2:44  Overlord  
  33  2:53  Spore Crawler  
  32  2:59  Drone  
  32  3:00  Drone x3  
  32  3:04  Drone x2  
  38  3:22  Hatchery  
  38  3:23  Drone  
  38  3:24  Drone x2  
  40  3:28  Drone x2  
  40  3:30  Drone  
  40  3:32  Drone  
  44  3:42  Overlord x2  
  44  3:43  Overlord  
  44  3:45  Extractor  
  43  3:51  Extractor  
  43  3:53  Roach Warren  
  41  3:59  Drone x4  
  44  4:17  Evolution Chamber  
  44  4:20  Evolution Chamber  
  42  4:26  Overlord  
  42  4:33  Roach x4  
  50  4:42  Drone x4  
  50  4:45  Drone x3, Extractor  
  55  4:46  Drone  
  57  4:56  Drone  
  57  4:57  Drone x2  
  57  4:58  Drone, Extractor  
  62  5:00  Roach x2  
  64  5:16  Roach x2  
  64  5:17  Roach x4  
  76  5:32  Roach x3  
  76  5:33  Overlord x2  
  76  5:34  Overlord  
  82  5:51  Spore Crawler  
  82  5:53  Spore Crawler  
  82  5:54  Spore Crawler  
  79  6:05  Lair  
  79  6:23  Drone x2  
  81  6:28  Drone x16  
  81  6:32  Zerg Missile Weapons Level 1  
  97  6:33  Zerg Ground Armor Level 1  
  97  6:50  Extractor  
  97  6:52  Extractor  
  93  7:02  Ravager  
  93  7:03  Ravager  
  95  7:12  Roach  
  95  7:13  Roach x4  
  103  7:39  Drone  
  103  7:40  Drone x2  
  103  7:41  Overlord x7  
  106  7:59  Roach x5  
  106  8:01  Drone x4  
  106  8:02  Drone  
  121  8:15  Ravager  
  121  8:17  Ravager x9  
  121  8:18  Ravager x7  
  121  8:19  Roach x4  
  146  8:20  Roach  
  146  8:27  Glial Reconstitution  
  148  8:31  Overlord  
  148  8:32  Overlord x2  
  148  8:33  Overlord  
  148  8:35  Overlord x2  
  148  8:36  Overlord  
  148  8:38  Extractor  
  148  8:40  Extractor  
  146  8:49  Overlord x2  
  146  8:50  Overlord  
  146  8:51  Roach x12  
  146  8:52  Roach  
  172  8:56  Hatchery  
  168  9:19  Hatchery  
  168  9:25  Roach x5  
  168  9:26  Roach x9  
  168  9:28  Zerg Missile Weapons Level 2  
  168  9:31  Zerg Ground Armor Level 2  
  161  10:49  Roach  
  167  10:50  Roach x10  
  181  11:01  Drone  
  181  11:02  Drone x3  
  185  11:05  Drone x3  
  185  11:06  Drone x11  
  199  11:39  Infestation Pit  
  193  11:50  Ravager x6  
  193  11:51  Ravager  
  200  11:54  Hatchery  
Tags
 
Add a new tag
Caveats
  • Supply blocks, unpowered buildings, or Contaminate may cause inaccurate times.
  • Supply counts are checked every 10 seconds.